 Dungeon Crawl Stone Soup version 0.21.1-1-g345015fe64 (webtiles) character file.

1008 GoroGoro the Shield-Bearer (level 8, -3/67 HPs)
             Began as a Gnoll Fighter on May 28, 2018.
             Was a Believer of Wu Jian.
             Splashed by a jelly's acid (7 damage)
             ... on level 6 of the Dungeon.
             The game lasted 00:32:40 (4622 turns).

GoroGoro the Shield-Bearer (Gnoll Fighter)          Turns: 4622, Time: 00:32:41

Health: -3/67      AC:  0    Str: 20    XL:     8   Next: 20%
Magic:  0/12       EV:  8    Int: 11    God:    Wu Jian [**....]
Gold:   277        SH: 11    Dex: 15    Spells: 9/13 levels left

rFire    . . .     SeeInvis .   a - +1 long sword
rCold    + . .     Gourm    .   c - +0 shield
rNeg     . . .     Faith    .   j - +0 chain mail
rPois    .         Spirit   +   y - +0 helmet
rElec    .         Reflect  .   (no cloak)
rCorr    .         Harm     .   (no gloves)
MR       .....                  (no boots)
Stlth    ..........             e - amulet of guardian spirit
HPRegen  0.21/turn              n - ring of protection from cold
MPRegen  0.13/turn              (no ring)

@: corroded
A: distributed training, fangs 1, strong nose
a: Wall Jump, Renounce Religion


You were on level 6 of the Dungeon.
You worshipped Wu Jian.
Wu Jian was pleased with you.
You were not hungry.

You visited 1 branch of the dungeon, and saw 6 of its levels.

You collected 277 gold pieces.

Inventory:

Hand Weapons
 a - a +1 long sword (weapon)
 p - a +2 flail of crushing
Missiles
 l - a throwing net (quivered)
Armour
 b - a +0 scale mail
 c - a +0 shield (worn)
 j - a +0 chain mail (worn)
 y - a +0 helmet (worn)
Jewellery
 e - an amulet of guardian spirit (around neck)
 n - a ring of protection from cold (left hand)
Wands
 m - a wand of digging (15)
Scrolls
 g - 4 scrolls of identify
 h - 3 scrolls of teleportation
 i - 2 scrolls of fear
 q - 2 scrolls of blinking
 r - a scroll of enchant armour
 s - a scroll of magic mapping
 v - a scroll of noise
Potions
 d - a potion of might
 k - a potion of agility
 u - a potion of haste {unknown}
 w - a potion of brilliance {unknown}
 x - a potion of lignification {unknown}
 z - a potion of cancellation {unknown}
Books
 o - a book of Ice

   Spells                             Type                      Level
   a - Ice Form                       Ice/Transmutation            4
   b - Metabolic Englaciation         Hexes/Ice                    5
   c - Ozocubu's Refrigeration        Ice                          6
   d - Bolt of Cold                   Conjuration/Ice              6
   e - Freezing Cloud                 Conjuration/Ice/Air          6
   f - Simulacrum                     Ice/Necromancy               6
Comestibles
 f - 4 rations


   Skills:
 + Level 7.2 Fighting
 + Level 3.0 Short Blades
 + Level 5.5 Long Blades
 + Level 3.0 Axes
 + Level 3.0 Maces & Flails
 + Level 3.0 Polearms
 + Level 3.0 Staves
 + Level 3.0 Slings
 + Level 3.0 Bows
 + Level 3.0 Crossbows
 + Level 3.0 Throwing
 + Level 7.2 Armour
 + Level 3.0 Dodging
 + Level 3.0 Stealth
 + Level 7.2 Shields
 + Level 3.0 Unarmed Combat
 + Level 3.0 Spellcasting
 + Level 2.4 Conjurations
 + Level 2.4 Hexes
 + Level 2.4 Charms
 + Level 2.4 Summonings
 + Level 2.4 Necromancy
 + Level 2.4 Translocations
 + Level 2.4 Transmutations
 + Level 2.4 Fire Magic
 + Level 2.4 Ice Magic
 + Level 2.4 Air Magic
 + Level 2.4 Earth Magic
 + Level 2.4 Poison Magic
   Level 3.3 Invocations
 + Level 3.0 Evocations


You had 9 spell levels left.
You knew the following spells:

 Your Spells              Type           Power        Failure   Level  Hunger
a - Ice Form              Ice/Tmut       #.......     100%        4    #####..


Dungeon Overview and Level Annotations

Branches:
Dungeon (6/15)
 Temple: D:4-7

Altars:
Dithmenos
Fedhas
Kikubaaqudgha
Makhleb
Okawaru
Ru
Wu Jian


Innate Abilities, Weirdness & Mutations

Your experience applies equally to all skills.
You have very sharp teeth.
Your uncanny sense of smell can sniff out nearby items.


Message History

You hit the jelly but do no damage.
Your hands burn!
The jelly is moderately wounded.
The bullfrog hits you.
* * * LOW HITPOINT WARNING * * *
The jelly closely misses you. The bullfrog hits you.
* * * LOW HITPOINT WARNING * * *
The jelly hits you.
* * * LOW HITPOINT WARNING * * *
The acid corrodes you!
You are splashed with acid!
The acid burns!
* * * LOW HITPOINT WARNING * * *
You block the bullfrog's attack.
You spin and attack the jelly.
You hit the jelly but do no damage.
Your hands burn!
* * * LOW HITPOINT WARNING * * *
You bite the jelly.
The jelly is heavily wounded.
The jelly hits you.
* * * LOW HITPOINT WARNING * * *
You are splashed with acid!
The acid burns!
You die...

#.# #.# ∆ #.# ##+##
#####.####...##
#.............##
##<###.##.......##
######...##.#.........#
........§...'........##
#####..@...#........#..
#FJ######...........
#......§.......##...
#.#########..$## .. #.
##+## . #. #. #. #.


You could see a bullfrog and a jelly (pinned).

Vanquished Creatures
  A hornet (D:5)
  A phantom (D:4)
  2 ogres
  A centaur (D:5)
  A bullfrog (D:5)
  A centaur zombie (D:3)
  A bullfrog zombie (D:4)
  2 jellies
  A black bear zombie (D:3)
  An orc priest (D:3)
  A hound (D:4)
  A centaur skeleton (D:4)
  An orc wizard (D:4)
  Ijyb (D:3)
  2 worker ants
  A killer bee zombie (D:5)
  An ogre skeleton (D:3)
  4 adders
  A shadow imp (D:5)
  An adder zombie (D:5)
  An orc skeleton (D:4)
  2 worms
  4 dart slugs
  9 leopard geckos
  6 orcs
  3 ball pythons
  7 bats
  8 giant cockroaches
  13 goblins
  7 hobgoblins
  15 jackals
  6 kobolds
  2 quokkas
  A ball python zombie (D:3)
  2 frilled lizard skeletons (D:4)
  A giant cockroach zombie (D:4)
  A hobgoblin skeleton (D:2)
  A hobgoblin zombie (D:5)
  A jackal zombie (D:4)
  A kobold zombie (D:5)
  2 quokka skeletons
  A quokka zombie (D:4)
  9 rats
  A rat skeleton (D:3)
  A withered plant (D:2)
131 creatures vanquished.

Notes
Turn   | Place    | Note
-------+----------+-------------------------------------------
     0 | D:1      | GoroGoro the Gnoll Fighter began the quest for the Orb.
     0 | D:1      | Reached XP level 1. HP: 23/23 MP: 1/1
    99 | D:1      | Reached XP level 2. HP: 21/29 MP: 2/2
   282 | D:1      | Reached XP level 3. HP: 29/35 MP: 3/3
   456 | D:1      | Reached skill level 1 in Invocations
   802 | D:2      | Reached skill level 1 in Short Blades
   802 | D:2      | Reached skill level 1 in Axes
   802 | D:2      | Reached skill level 1 in Maces & Flails
   802 | D:2      | Reached skill level 1 in Polearms
   802 | D:2      | Reached skill level 1 in Staves
   802 | D:2      | Reached skill level 1 in Slings
   802 | D:2      | Reached skill level 1 in Bows
   802 | D:2      | Reached skill level 1 in Crossbows
   802 | D:2      | Reached skill level 1 in Throwing
   802 | D:2      | Reached skill level 1 in Dodging
   802 | D:2      | Reached skill level 1 in Stealth
   802 | D:2      | Reached skill level 1 in Unarmed Combat
   802 | D:2      | Reached skill level 1 in Spellcasting
   802 | D:2      | Reached skill level 1 in Evocations
   916 | D:2      | Found a blossoming altar of Fedhas.
   917 | D:2      | Found an ancient bone altar of Kikubaaqudgha.
   970 | D:2      | Reached XP level 4. HP: 41/41 MP: 5/5
   993 | D:2      | Became a worshipper of Kikubaaqudgha
  1037 | D:2      | Found a faded altar of an unknown god.
  1039 | D:2      | Fell from the grace of Kikubaaqudgha
  1039 | D:2      | Became a worshipper of the Wu Jian Council
  1039 | D:2      | Reached * piety under Wu Jian
  1362 | D:3      | Noticed Ijyb
  1381 | D:3      | Killed Ijyb
  1381 | D:3      | Reached skill level 1 in Conjurations
  1381 | D:3      | Reached skill level 1 in Hexes
  1381 | D:3      | Reached skill level 1 in Charms
  1381 | D:3      | Reached skill level 1 in Summonings
  1381 | D:3      | Reached skill level 1 in Necromancy
  1381 | D:3      | Reached skill level 1 in Translocations
  1381 | D:3      | Reached skill level 1 in Transmutations
  1381 | D:3      | Reached skill level 1 in Fire Magic
  1381 | D:3      | Reached skill level 1 in Ice Magic
  1381 | D:3      | Reached skill level 1 in Air Magic
  1381 | D:3      | Reached skill level 1 in Earth Magic
  1381 | D:3      | Reached skill level 1 in Poison Magic
  1443 | D:3      | Reached XP level 5. HP: 47/47 MP: 6/6
  1460 | D:3      | Found a sacrificial altar of Ru.
  1569 | D:3      | Reached ** piety under Wu Jian
  1668 | D:3      | Learned a level 4 spell: Ice Form
  1724 | D:3      | Noticed an ogre
  1824 | D:3      | Killed an ogre
  1968 | D:3      | Reached XP level 6. HP: 39/53 MP: 8/8
  2234 | D:3      | HP: 2/53 [orc priest/nerve-wracking pain (5)]
  2673 | D:3      | Reached skill level 5 in Long Blades
  2785 | D:4      | Found an iron altar of Okawaru.
  2798 | D:4      | Found a burning altar of Makhleb.
  2811 | D:4      | Found a shadowy altar of Dithmenos.
  2954 | D:4      | Noticed a phantom
  2982 | D:4      | Killed a phantom
  2993 | D:4      | Reached XP level 7. HP: 56/59 MP: 10/10
  3481 | D:5      | Entered Level 5 of the Dungeon
  3970 | D:5      | Noticed a hornet
  3977 | D:5      | Paralysed by a hornet for 3 turns
  3982 | D:5      | Killed a hornet
  3982 | D:5      | Reached XP level 8. HP: 17/66 MP: 2/12
  4622 | D:6      | Splashed by a jelly's acid

Skill      XL: |  1  2  3  4  5  6  7  8 |
---------------+-------------------------+-----
Invocations    | 1 2 3 |  3.3
Short Blades   | 1 2 3 |  3.0
Axes           | 1 2 3 |  3.0
Maces & Flails | 1 2 3 |  3.0
Polearms       | 1 2 3 |  3.0
Staves         | 1 2 3 |  3.0
Slings         | 1 2 3 |  3.0
Bows           | 1 2 3 |  3.0
Crossbows      | 1 2 3 |  3.0
Throwing       | 1 2 3 |  3.0
Dodging        | 1 2 3 |  3.0
Stealth        | 1 2 3 |  3.0
Unarmed Combat | 1 2 3 |  3.0
Spellcasting   | 1 2 3 |  3.0
Evocations     | 1 2 3 |  3.0
Conjurations   | 1 2 |  2.4
Hexes          | 1 2 |  2.4
Charms         | 1 2 |  2.4
Summonings     | 1 2 |  2.4
Necromancy     | 1 2 |  2.4
Translocations | 1 2 |  2.4
Transmutations | 1 2 |  2.4
Fire Magic     | 1 2 |  2.4
Ice Magic      | 1 2 |  2.4
Air Magic      | 1 2 |  2.4
Earth Magic    | 1 2 |  2.4
Poison Magic   | 1 2 |  2.4
Long Blades    | 5 |  5.5
Fighting       | 7 |  7.2
Armour         | 7 |  7.2
Shields        | 7 |  7.2

Action                   |  1- 3 |  4- 6 |  7- 9 || total
-------------------------+-------+-------+-------++-------
Melee: Long sword        |   160 |   226 |   143 ||   529
       Bite              |    20 |    29 |    16 ||    65
Invok: Whirlwind         |       |    89 |    61 ||   150
       Lunge             |       |     6 |     1 ||     7
       Wall Jump         |       |    21 |    13 ||    34
  Use: Scroll            |     5 |     6 |     4 ||    15
       Potion            |       |       |     1 ||     1
  Eat: Ration            |       |     3 |     1 ||     4
Armor: Scale mail        |    65 |       |       ||    65
       Chain mail        |       |    99 |    55 ||   154
Dodge: Dodged            |    55 |    50 |    43 ||   148
Block: Shield            |    96 |   132 |    81 ||   309
       Rpst.: Long sword |    14 |    16 |    18 ||    48
